 Dungeon Crawl Stone Soup version 0.19.5 (webtiles) character file.

45 miragecloak the Changer (level 3, 0/23 HPs)
             Began as an Octopode Transmuter on Apr 26, 2017.
             Succumbed to a goblin's poison
             ... on level 1 of the Dungeon.
             The game lasted 00:01:50 (1753 turns).

miragecloak the Changer (Octopode Transmuter)       Turns: 1753, Time: 00:01:51

Health: 0/23       AC:  2    Str:  9    XL:     3   Next: 64%
Magic:  3/6        EV: 20    Int: 15    God:
Gold:   68         SH:  0    Dex: 18    Spells: 2 memorised, 2 levels left

rFire  . . .     SeeInvis .       - Unarmed
rCold  . . .     Gourm    .     (shield currently unavailable)
rNeg   . . .     Faith    .     (helmet currently unavailable)
rPois  x         Spirit   .     (no amulet)
rElec  .         Reflect  .     (no ring)
rCorr  .         Harm     .     (no ring)
MR     .....                    (no ring)
Stlth  ++........               (no ring)
                                (no ring)
                                (no ring)
                                (no ring)
                                (no ring)

@: lethally poisoned (0 -> -14), spider-form (expiring)
A: almost no armour, stealthy swim, (amphibious), 8 rings, (constrict 8),
(camouflage 0), (gelatinous body 0)
a: End Transformation


You were on level 1 of the Dungeon.
You were not hungry.
You were a venomous arachnid creature.
You visited 1 branch of the dungeon, and saw 2 of its levels.

You collected 68 gold pieces.

Inventory:

Missiles
 a - 26 arrows
Scrolls
 d - 2 scrolls of identify {unknown}
 e - a scroll of recharging {unknown}
 f - a scroll of magic mapping {unknown}
Potions
 g - a potion of flight {unknown}
 i - a potion of curing {unknown}
Books
 b - a book of Changes

   Spells                             Type                      Level
   a - Beastly Appendage              Transmutation                1
   b - Sticks to Snakes               Transmutation                2
   c - Spider Form                    Transmutation/Poison         3
   d - Ice Form                       Ice/Transmutation            4
   e - Blade Hands                    Transmutation                5
Comestibles
 c - 5 fruits
 h - 5 chunks of flesh
 j - a slice of pizza


   Skills:
 - Level 1.0 Fighting
 - Level 2.0 Dodging
 - Level 3.0 Unarmed Combat
 - Level 2.0 Spellcasting
 + Level 3.8 Transmutations
 * Level 0.2 Poison Magic


You had 2 spell levels left.
You knew the following spells:

 Your Spells              Type           Power        Failure   Level  Hunger
a - Beastly Appendage     Tmut           ##....       17%         1    #......
b - Spider Form           Tmut/Pois      #.........   52%         3    ###....


Dungeon Overview and Level Annotations

Branches:
Dungeon (2/15)

Altars:

Annotations:
D:1 Robin


Innate Abilities, Weirdness & Mutations

You cannot wear most types of armour.
You are very stealthy in the water. (Stealth+)
((You are amphibious.))
You can wear up to eight rings at the same time.
((You can use your tentacles to constrict eight enemies at once.))
((Your skin changes colour to match your surroundings (Stealth+).))
((Your rubbery body absorbs attacks. (AC +1, EV +1)))


Message History

There is a stone staircase leading up here.
You feel sick. The goblin hits you. The goblin closely misses you.
The hobgoblin closely misses you. Robin misses you.
The goblin completely misses you.
You climb upwards.
Your transformation is almost over.
You feel sick.
There is a stone staircase leading down here.
You bite the goblin!
You kill the goblin!
* * * LOW HITPOINT WARNING * * *
You feel sick. The goblin hits you but does no damage.
* * * LOW HITPOINT WARNING * * *
You feel sick. The hobgoblin hits you with a club.
* * * LOW HITPOINT WARNING * * *
Things that are here:
a club; a goblin corpse You hit the hobgoblin.
The hobgoblin is almost dead.
You die...

.# #..........# #.# #.# .#
#..........# #.# #.# .#
#..........# #.# #.# .#
#..........# #.# #.# .#
############ #.# #.# .# #.# #.#
.# ######## #.# #.#
.###......#############.# #.#
............g.ggsg......# #.#
.###......############### #.# .#
#......# #################.# .#
#......# #........>..[.....# .#
#......# #.################# .#
#....).# #..................
.###......#####################.#
...........................#..#.#
#####.####################.#..#.#


You could see Robin, a hobgoblin and 2 goblins.

Vanquished Creatures
  2 dart slugs (D:1)
  2 leopard geckos (D:1)
  A giant cockroach (D:1)
  7 goblins (D:1)
  7 hobgoblins (D:1)
  2 jackals (D:1)
  4 kobolds (D:1)
  7 bats
  A frilled lizard (D:1)
  A rat (D:2)
34 creatures vanquished.

Notes
Turn   | Place    | Note
-------+----------+-------------------------------------------
     0 | D:1      | miragecloak the Octopode Transmuter began the quest for the Orb.
     0 | D:1      | Reached XP level 1. HP: 13/13 MP: 3/3
   163 | D:1      | Reached XP level 2. HP: 13/18 MP: 1/5
  1032 | D:1      | Reached XP level 3. HP: 23/23 MP: 4/6
  1564 | D:2      | Learned a level 3 spell: Spider Form
  1581 | D:2      | Noticed Robin
  1752 | D:1      | HP: 1/23 [hobgoblin/club[Robin] (4)]
  1753 | D:1      | Succumbed to a goblin's poison

Skill      XL: |  1  2 |
---------------+-------+-----
Transmutations | 3 |  3.8
Fighting       | |  1.0
Dodging        | |  2.0
Unarmed Combat | |  3.0
Spellcasting   | |  2.0
Poison Magic   | |  0.2

Action                   || total
-------------------------++-------
Melee: Unarmed           ||    85
       Kick              ||    17
       Constrict         ||    19
       Tentacles         ||     6
       Punch             ||     2
 Cast: Beastly Appendage ||    26
       Spider Form       ||     3
 Stab: Sleeping          ||     3
  Eat: Bread ration      ||     1
Armor: Skin              ||    15
Dodge: Dodged            ||    74
